 Dungeon Crawl Stone Soup version 0.29.1-1-gd02db6906a (webtiles) character file.

Game seed: 12813790497120881081

66 Acheron the Ducker (level 4, -1/34 HPs)
             Began as a Merfolk Gladiator on Sept 28, 2022.
             Succumbed to an orc's poison
             ... on level 3 of the Dungeon.
             The game lasted 00:07:13 (1067 turns).

Acheron the Ducker (Merfolk Gladiator)              Turns: 1067, Time: 00:07:13

Health: -1/34      AC:  3    Str: 14    XL:     4   Next: 15%
Magic:  4/4        EV: 14    Int: 10    God:
Gold:   73         SH:  0    Dex: 17    Spells: 3/3 levels left

rFire   . . .      SeeInvis .   a - +0 trident
rCold   . . .      Faith    .   (no shield)
rNeg    . . .      Spirit   .   g - +0 robe of Greed {rElec Int+3}
rPois   .          Reflect  .   c - +0 helmet
rElec   +          Harm     .   (no cloak)
rCorr   .          Rampage  .   (no gloves)
Will    .....                   (no boots)
Stlth   ++........              (no amulet)
HPRegen 0.11/turn               (no ring)
MPRegen 0.09/turn               (no ring)

@: lethally poisoned (-1 -> -4), on berserk cooldown, flying, slowed, very slow
A: (nimble swimmer 2), mertail
a: no special abilities


You were on level 3 of the Dungeon.
You visited 1 branch of the dungeon, and saw 4 of its levels.

You collected 73 gold pieces.

Inventory:

Hand Weapons
 a - a +0 trident (weapon)
 f - a +0 hand axe
 p - a +2 flail of venom
Missiles
 d - 3 throwing nets (quivered)
 e - a javelin
Armour
 b - a +0 leather armour
 c - a +0 helmet (worn)
 g - the +0 robe of Greed (worn) {rElec Int+3}
   (You found it on level 2 of the Dungeon)

   Int:       It affects your intelligence (+3).
   rElec:     It insulates you from electricity.
Magical Staves
 n - a staff of death
Scrolls
 i - a scroll of blinking
 l - 2 scrolls of immolation
Potions
 h - a potion of cancellation {unknown}
 j - a potion of berserk rage
 k - a potion of attraction {unknown}
 m - a potion of flight
 o - a potion of brilliance {unknown}


   Skills:
 * Level 2.6 Fighting
 + Level 4.6 Polearms
 * Level 2.3 Throwing
 * Level 5.0 Dodging
 * Level 1.2 Stealth
 * Level 0.4 Evocations


You had 3 spell levels left.
You didn't know any spells.
Your spell library was empty.

Dungeon Overview and Level Annotations

Branches:
Dungeon (4/15)
 Temple: D:4-7

Altars:

Shops:
D:1 =


Innate Abilities, Weirdness & Mutations

((You are very nimble when in or above water. (Stealth+, EV+, Speed+++)))
Your lower body shifts to a powerful aquatic tail in water.


Message History

You completely miss the orc. Your punch misses the orc.
The orc is moderately wounded.
You feel very sick. The orc barely misses you.
You hit the orc but do no damage.
The orc is moderately wounded.
You feel very sick.
The orc hits you with a +2 flail of venom.
* * * LOW HITPOINT WARNING * * *
You hit the orc.
The orc is severely wounded.
* * * LOW HITPOINT WARNING * * *
You feel very sick. The orc barely misses you.
You puncture the orc!
You kill the orc!
* * * LOW HITPOINT WARNING * * *
You feel sick.
It was a potion of berserk rage.
A red film seems to cover your vision as you go berserk!
You feel yourself moving faster!
You feel mighty!
* * * LOW HITPOINT WARNING * * *
You feel sick.
You are too berserk!
You feel a strong urge to attack something.
Things that are here:
a +2 flail of venom; a +0 leather armour
p - a +2 flail of venom
* * * LOW HITPOINT WARNING * * *
You feel sick.
You feel your anger nearly subside.
* * * LOW HITPOINT WARNING * * *
You feel sick.
You are no longer berserk.
You are exhausted.
You feel yourself slow down.
It was a potion of flight.
You feel very buoyant.
You fly up into the air.
You die...

#...$###.......# #.##.
#...~P~.P..P...###.##.
#...~~♣P~P~.PP.....##.
#..~P~~~♣~♣~~~P~...##.
#...~.~..~♣≈≈~~PP..##.
#......#~~P~≈≈♣~P.P.÷.
###......#.~P~♣♣≈~~PP###
...?....##..~~P♣♣≈~~..
h...#+#@.#..~P♣~≈≈~P~#
... ##.#~~~~♣~~~~PP# .
P.~~~~♣~~~.P~..
~~~~~~♣P~~....#.
.P~~♣~P~~......
.P~~PP~.~.. ..P~P..~##..
......~. # .#


There were no monsters in sight!

Vanquished Creatures
  Jessica (D:3)
  An adder (D:3)
  An orc (D:3)
  2 ball pythons (D:2)
  3 endoplasms
  A giant cockroach (D:1)
  4 goblins
  6 hobgoblins
  A jackal (D:3)
  3 bats
  2 frilled lizards
  3 rats
28 creatures vanquished.

Vanquished Creatures (others)
  16 plants (D:3)
16 creatures vanquished.

Grand Total: 44 creatures vanquished

Notes
Turn   | Place    | Note
-------+----------+-------------------------------------------
     0 | D:1      | Acheron the Merfolk Gladiator began the quest for the Orb.
     0 | D:1      | Reached XP level 1. HP: 16/16 MP: 1/1
    45 | D:2      | Identified the +0 robe of Greed {rElec Int+3}
   126 | D:1      | You fall into a shaft and drop 1 floor!
   166 | D:1      | Found a faded altar of an unknown god.
   171 | D:1      | Reached XP level 2. HP: 22/22 MP: 2/2
   252 | D:1      | Found Jitzauva's Jewellery Shop.
   655 | D:2      | Reached XP level 3. HP: 28/28 MP: 3/3
   722 | D:3      | Noticed Jessica
   726 | D:3      | Killed Jessica
   727 | D:3      | Reached skill level 1 in Stealth
   840 | D:3      | Reached skill level 5 in Dodging
   840 | D:3      | Reached XP level 4. HP: 15/34 MP: 4/4
  1062 | D:3      | HP: 2/51 [poisoned by an orc]
  1067 | D:3      | Succumbed to an orc's poison

Illustrated notes

Levels and vault maps discovered:
D:1:      lordsloth_arrival_two_stooges, layout_rooms, serial_shops,
          nicolae_shop_statue_plus, hellmonk_ecumenical_altar_arch_garden
D:2:      layout_basic, roderic_roman_lattice, minmay_misc_feat_columns,
          moated_statue
D:3:      layout_basic, chequers_temple_overflow_statue_of_worship,
          mainiacjoe_overflow_six_doors_small, serial_bayou_lagoon_a,
          roderic_serpentine_path, uniq_grinder, uniq_robin, uniq_jessica,
          uniq_crazy_yiuf_cottage, uniq_natasha
D:4:      layout_basic, ebering_ghost_inner_flame, uniq_edmund

Skill      XL: |  1  2  3 |
---------------+----------+-----
Stealth        | 1 |  1.2
Dodging        | 5 |  5.0
Fighting       | |  2.6
Polearms       | |  4.6
Throwing       | |  2.3
Evocations     | |  0.4

Action                   |  1- 3 |  4- 6 || total
-------------------------+-------+-------++-------
Melee: Trident           |    78 |    12 ||    90
       Punch             |     1 |       ||     1
  Use: Scroll            |     2 |       ||     2
       Potion            |       |     2 ||     2
 Stab: Sleeping          |     2 |       ||     2
Armor: Robe              |    19 |       ||    19
       Leather armour    |     1 |       ||     1
Dodge: Dodged            |    45 |     6 ||    51
